 Dungeon Crawl Stone Soup version 0.20.1-1-g8b1a95d (webtiles) character file.

16673 vineage the Carver (level 12, -1/96 HPs)
             Began as a Demonspawn Berserker on Sept 30, 2017.
             Was an Elder of Trog.
             Slain by a black mamba (10 damage)
             ... on level 2 of the Lair of Beasts.
             The game lasted 00:27:37 (12985 turns).

vineage the Carver (Demonspawn Berserker)          Turns: 12985, Time: 00:27:38

Health: -1/96      AC: 15    Str: 19    XL:     12   Next: 12%
Magic:  21/21      EV:  9    Int:  9    God:    Trog [****..]
Gold:   597        SH: 10    Dex: 20    Spells: 11/11 levels left

rFire    + . .     SeeInvis +   a - +1 falchion
rCold    + . .     Gourm    .   T - +0 shield
rNeg     + . .     Faith    .   t - +0 chain mail
rPois    .         Spirit   .   (helmet restricted)
rElec    .         Reflect  .   G - scarf {rC+ rF+}
rCorr    +         Harm     .   (no gloves)
MR       .....     Rnd*Rage +   f - +1 pair of boots
Stlth    ..........             (no amulet)
Regen    0.3/turn               P - ring of resist corrosion
MPRegen  0.2/turn               q - ring "Querche" {rF- rN+ MP+9 Dex+4 SInv}

@: berserk cooldown, slowed, very slow
A: horns 1, icy blue scales 1, agile 1, berserk 2, fire resistance 1, mutation
resistance 1, powered by pain 1, weak 1, flame cloud immunity
a: Berserk, Trog's Hand, Brothers in Arms, Burn Spellbooks, Renounce Religion


You were on level 2 of the Lair of Beasts.
You worshipped Trog.
Trog was greatly pleased with you.
You were not hungry.

You visited 2 branches of the dungeon, and saw 12 of its levels.

You collected 597 gold pieces.

Inventory:

Hand Weapons
 a - a +1 falchion (weapon)
 e - a +0 long sword
Missiles
 D - 2 silver javelins (quivered)
Armour
 b - a +0 animal skin
 f - a +1 pair of boots (worn)
 l - a +0 ring mail
 t - a +0 chain mail (worn)
 z - a +0 buckler
 G - a scarf of resistance (worn)
 T - a +0 shield (worn)
Jewellery
 j - an uncursed ring of stealth
 q - the ring "Querche" (right hand) {rF- rN+ MP+9 Dex+4 SInv}
   (You found it on level 5 of the Dungeon)

   [ring of positive energy]

   It affects your dexterity (+4).
   It makes you vulnerable to fire.
   It protects you from negative energy.
   It affects your magic capacity (+9).
   It lets you see invisible.
 P - a ring of resist corrosion (left hand)
Wands
 i - a wand of iceblast (3/15)
 o - a wand of lightning (9/15)
 s - a wand of iceblast (8/15)
 u - a wand of disintegration (20/24)
 A - a wand of acid (8/15)
 B - a wand of random effects (34/48)
 E - a wand of confusion (11/48)
 R - a wand of lightning (8/15)
Scrolls
 d - a scroll of teleportation
 g - 2 scrolls of magic mapping
 n - a scroll of fog
 v - a scroll of enchant armour
 w - 2 scrolls of remove curse
 C - 2 scrolls of identify
 J - a scroll of recharging
 K - a scroll of blinking {unknown}
 S - a scroll of vulnerability {unknown}
Potions
 h - a potion of brilliance
 k - a potion of agility
 m - a potion of magic
 x - 2 potions of cancellation
 H - a potion of might
 I - 3 potions of flight
 L - 2 potions of heal wounds
 Q - 2 potions of curing
Books
 y - a book of Callings

   Spells                             Type                      Level
   a - Summon Small Mammal            Summoning                    1
   b - Call Imp                       Summoning                    2
   c - Call Canine Familiar           Summoning                    3
   d - Summon Guardian Golem          Hexes/Summoning              3
   e - Summon Lightning Spire         Summoning/Air                4
   f - Summon Ice Beast               Ice/Summoning                4
   Trog disapproves of the use of such an item.
 M - a book of Battle

   Spells                             Type                      Level
   a - Infusion                       Charms                       1
   b - Shroud of Golubria             Charms/Translocation         2
   c - Song of Slaying                Charms                       2
   d - Spectral Weapon                Hexes/Charms                 3
   e - Regeneration                   Charms/Necromancy            3
   Trog disapproves of the use of such an item.
 O - a book of Maledictions

   Spells                             Type                      Level
   a - Corona                         Hexes                        1
   b - Ensorcelled Hibernation        Hexes/Ice                    2
   c - Confuse                        Hexes                        3
   d - Tukima's Dance                 Hexes                        3
   e - Dazzling Spray                 Conjuration/Hexes            3
   Trog disapproves of the use of such an item.
Comestibles
 c - 3 bread rations
 r - 6 fruits
 F - 4 royal jellies
 N - a meat ration


   Skills:
 + Level 9.4 Fighting
 + Level 12.0 Long Blades
 + Level 0.1 Throwing
 + Level 9.6 Armour
 + Level 5.0 Dodging
 + Level 1.4 Stealth
 + Level 4.0 Shields


You had 11 spell levels left.
You didn't know any spells.

Dungeon Overview and Level Annotations

Branches:
Dungeon (10/15)            Temple (0/1) D:5            Lair (2/6) D:9
 Shoals (0/4) Lair:2
  Snake: Lair:2-4    Spider: Lair:2-4       Orc: D:9-12

Altars:
Ashenzari
Dithmenos
Fedhas
Kikubaaqudgha
Nemelex Xobeh
Qazlal
Uskayaw
Zin

Shops:
D:4 :   D:10 %


Innate Abilities, Weirdness & Mutations

You have a pair of small horns on your head.
You are partially covered in icy blue scales. (AC +2)
Your flesh is heat resistant. (rF+)
You sometimes gain a little power by taking damage.
You are immune to clouds of flame.
You are agile. (Dex +2)
You often lose your temper in combat.
You are somewhat resistant to further mutation.
You are weak. (Str -2)


Message History

You are no longer berserk.
You are exhausted.
You feel yourself slow down. You block the black mamba's attack.
The 15-headed hydra bites you!
* * * LOW HITPOINT WARNING * * *
You block the 15-headed hydra's attack. The 15-headed hydra misses you.
The 15-headed hydra bites you but does no damage. x2
The 15-headed hydra bites you.
* * * LOW HITPOINT WARNING * * *
The 15-headed hydra bites you.
* * * LOW HITPOINT WARNING * * *
You block the 15-headed hydra's attack. The 15-headed hydra bites you.
* * * LOW HITPOINT WARNING * * *
The 15-headed hydra bites you but does no damage.
The 15-headed hydra bites you.
* * * LOW HITPOINT WARNING * * *
The 15-headed hydra barely misses you. You block the 15-headed hydra's attack.
The 15-headed hydra bites you but does no damage.
The 15-headed hydra barely misses you. The black mamba bites you!
You die...

###.....##
###........#
##..........###
#P............#
#.............#
#.............##
#......S......#.
#......@.......
#.....D.......#
##.....>......#
#............P
#.............
####...........P ..
#. #.........#P#
....#..##.......#####
.....#.#.#.....##
#.####


You could see a 15-headed hydra and a black mamba.

Vanquished Creatures
  5 two-headed ogres
  Urug (D:10)
  The ghost of Feta the Digger, a novice DgEE (D:8)
  A black mamba (Lair:1)
  A gargoyle (D:10)
  4 spiny frogs
  A kobold demonologist (D:10)
  A komodo dragon (Lair:1)
  2 hippogriffs
  24 yaks
  Eustachio (D:4)
  A hungry ghost (D:7)
  The ghost of Feta the Poker, an amateur MfGl of Okawaru (D:4)
  4 water moccasins
  Duvessa (D:4)
  5 porcupines
  2 ice beasts
  2 sky beasts (D:8)
  2 orc warriors
  3 phantoms
  5 ogres
  4 centaurs
  A crocodile (D:9)
  3 big kobolds
  8 bullfrogs
  Blork the orc (D:6)
  Dowan (D:4)
  2 water moccasin zombies (D:7)
  4 scorpions
  6 killer bees
  5 wights (D:8)
  5 howler monkeys
  6 crimson imps
  A bullfrog zombie (D:7)
  4 hounds
  2 quasits
  4 orc priests
  2 centaur skeletons
  5 iguanas
  2 jellies
  4 orc wizards
  Terence (D:3)
  4 worker ants
  A killer bee zombie (D:9)
  3 hound skeletons
  A howler monkey zombie (D:10)
  Robin (D:3)
  12 adders
  9 gnolls
  An adder skeleton (D:4)
  A worm (D:3)
  A dart slug (D:1)
  A leopard gecko (D:2)
  19 orcs
  7 bats
  5 giant cockroaches
  18 goblins
  8 hobgoblins (D:3)
  2 jackals (D:5)
  18 kobolds
  6 quokkas
  5 frilled lizards
  A jackal zombie (D:6)
  A leopard gecko skeleton (D:4)
  3 quokka skeletons
  7 rats
274 creatures vanquished.

Vanquished Creatures (others)
  3 fungi
  A plant (D:9)
4 creatures vanquished.

Grand Total: 278 creatures vanquished

Notes
Turn   | Place    | Note
-------+----------+-------------------------------------------
     0 | D:1      | vineage the Demonspawn Berserker began the quest for the Orb.
     0 | D:1      | Reached XP level 1. HP: 18/18 MP: 1/1
   333 | D:1      | Reached skill level 3 in Long Blades
   333 | D:1      | Gained mutation: You are partially covered in icy blue scales. (AC +2) [demonic ancestry]
   333 | D:1      | Reached XP level 2. HP: 24/24 MP: 2/2
   783 | D:2      | Reached XP level 3. HP: 24/29 MP: 3/3
   984 | D:2      | Reached ** piety under Trog
  1102 | D:2      | Reached XP level 4. HP: 36/36 MP: 4/4
  1353 | D:3      | Noticed Robin
  1394 | D:3      | Killed Robin
  1734 | D:3      | Found a glowing silver altar of Zin.
  1910 | D:3      | Noticed Terence
  1925 | D:3      | Killed Terence
  1925 | D:3      | Gained mutation: You have a pair of small horns on your head. [demonic ancestry]
  1925 | D:3      | Reached XP level 5. HP: 34/42 MP: 5/5
  1928 | D:3      | Reached skill level 4 in Long Blades
  2363 | D:4      | Noticed Feta's ghost (amateur MfGl)
  2408 | D:4      | Killed Feta's ghost
  2408 | D:4      | Reached XP level 6. HP: 30/48 MP: 6/6
  2669 | D:4      | Gained mutation: Your flesh is heat resistant. (rF+) [demonic ancestry]
  2669 | D:4      | Reached XP level 7. HP: 18/55 MP: 7/7
  2924 | D:4      | Reached skill level 5 in Long Blades
  2952 | D:4      | HP: 2/55 [poisoned by an adder]
  2959 | D:4      | HP: 2/55 [poisoned by an adder]
  2967 | D:4      | HP: 1/55 [poisoned by an adder]
  3260 | D:4      | Noticed Eustachio
  3277 | D:4      | Killed Eustachio
  3277 | D:4      | Reached skill level 5 in Fighting
  3310 | D:4      | Found Erae's Book Emporium.
  3353 | D:4      | Noticed Duvessa
  3354 | D:4      | Noticed Dowan
  3363 | D:4      | Killed Duvessa
  3363 | D:4      | Reached skill level 5 in Armour
  3363 | D:4      | Gained mutation: You sometimes gain a little power by taking damage. [demonic ancestry]
  3363 | D:4      | Reached XP level 8. HP: 62/62 MP: 8/8
  3379 | D:4      | Killed Dowan
  3609 | D:5      | Entered Level 5 of the Dungeon
  3639 | D:5      | Found a faded altar of an unknown god.
  3641 | D:5      | Found a staircase to the Ecumenical Temple.
  3774 | D:5      | Reached skill level 6 in Long Blades
  3774 | D:5      | Reached skill level 1 in Stealth
  3911 | D:5      | Found a stormy altar of Qazlal.
  3949 | D:5      | Got a sparkling marble ring
  4751 | D:6      | Reached *** piety under Trog
  4952 | D:6      | Found a blossoming altar of Fedhas.
  4981 | D:6      | Reached skill level 7 in Long Blades
  5170 | D:6      | Gained mutation: You are immune to clouds of flame. [demonic ancestry]
  5170 | D:6      | Reached XP level 9. HP: 67/69 MP: 9/9
  5268 | D:6      | Noticed Blork the orc
  5278 | D:6      | Killed Blork the orc
  5903 | D:7      | Received a gift from Trog
  5908 | D:7      | Identified the ring "Querche" {rF- rN+ MP+9 Dex+4 SInv} (You found it on level 5 of the Dungeon)
  6024 | D:7      | Found an ancient bone altar of Kikubaaqudgha.
  6084 | D:7      | Reached skill level 8 in Long Blades
  6990 | D:8      | Identified a scroll of acquirement
  7000 | D:8      | Gained mutation: You tend to lose your temper in combat. [potion of mutation]
  7000 | D:8      | Gained mutation: You are agile. (Dex +2) [potion of mutation]
  7000 | D:8      | Gained mutation: You often lose your temper in combat. [potion of mutation]
  7000 | D:8      | Gained mutation: You are somewhat resistant to further mutation. [potion of mutation]
  7099 | D:8      | Noticed Feta's ghost (novice DgEE)
  7125 | D:8      | Killed Feta's ghost
  7199 | D:8      | Found a blossoming altar of Fedhas.
  7206 | D:8      | Found a shattered altar of Ashenzari.
  7217 | D:8      | Noticed a two-headed ogre
  7218 | D:8      | Noticed a two-headed ogre
  7251 | D:8      | Reached XP level 10. HP: 36/79 MP: 10/10
  7260 | D:8      | Killed a two-headed ogre
  7260 | D:8      | Reached skill level 9 in Long Blades
  7265 | D:8      | Reached skill level 1 in Shields
  7272 | D:8      | Killed a two-headed ogre
  7282 | D:8      | Gained mutation: You are weak. (Str -2) [mutagenic meat]
  7535 | D:8      | Noticed a two-headed ogre
  7556 | D:8      | Killed a two-headed ogre
  7558 | D:8      | Reached skill level 10 in Long Blades
  7879 | D:8      | Reached **** piety under Trog
  8122 | D:9      | Found a staircase to the Lair.
  8510 | D:9      | Noticed a two-headed ogre
  8541 | D:9      | Killed a two-headed ogre
  8541 | D:9      | Reached XP level 11. HP: 13/86 MP: 11/11
  8765 | D:9      | Found a hide-covered altar of Uskayaw.
  8888 | D:9      | Found a sparkling altar of Nemelex Xobeh.
  8906 | D:10     | Entered Level 10 of the Dungeon
  9016 | D:10     | Found Oquoj's Food Shop.
  9040 | D:10     | Noticed Urug
  9091 | D:10     | Killed Urug
  9091 | D:10     | Reached skill level 11 in Long Blades
  9522 | D:10     | Noticed a two-headed ogre
  9537 | D:10     | Killed a two-headed ogre
  9716 | D:10     | Found a shadowy altar of Dithmenos.
 10331 | D:10     | Noticed a five-headed hydra
 10581 | Lair:1   | Entered Level 1 of the Lair of Beasts
 11338 | Lair:1   | Reached XP level 12. HP: 65/95 MP: 12/12
 11345 | Lair:1   | Reached skill level 5 in Dodging
 11779 | Lair:1   | Reached skill level 12 in Long Blades
 11953 | Lair:2   | Noticed an eight-headed hydra
 12624 | Lair:2   | Found a staircase to the Shoals.
 12956 | Lair:2   | Noticed a five-headed hydra
 12985 | Lair:2   | Slain by a black mamba

Skill      XL: |  1  2  3  4  5  6  7  8  9 10 11 12 |
---------------+-------------------------------------+-----
Armour         | 2 3 4 5 6 7 8 9 |  9.6
Long Blades    | 3 4 5 7 8 10 11 12 | 12.0
Dodging        | 2 3 4 5 |  5.0
Fighting       | 4 5 7 8 9 |  9.4
Stealth        | 1 |  1.4
Shields        | 2 3 4 |  4.0
Throwing       | |  0.1

Action                   |  1- 3 |  4- 6 |  7- 9 | 10-12 || total
-------------------------+-------+-------+-------+-------++-------
Melee: Falchion          |    81 |   154 |   535 |   618 ||  1388
       Headbutt          |       |    20 |   132 |   232 ||   384
Throw: Javelin           |       |       |     2 |       ||     2
Invok: Trog's Hand       |       |     3 |     4 |     5 ||    12
       Berserk           |       |     3 |     3 |     1 ||     7
  Use: Scroll            |     3 |     6 |     9 |     6 ||    24
       Potion            |       |    15 |     4 |     2 ||    21
 Stab: Sleeping          |     1 |     1 |       |       ||     2
  Eat: Chunk             |       |     5 |     9 |    19 ||    33
       Royal jelly       |       |     1 |       |     1 ||     2
       Fruit             |       |     1 |     3 |       ||     4
       Meat ration       |       |       |     2 |     1 ||     3
       Bread ration      |       |       |     2 |       ||     2
Armor: Animal skin       |     9 |       |       |       ||     9
       Ring mail         |    25 |    37 |       |       ||    62
       Skin              |       |    24 |       |       ||    24
       Chain mail        |       |   101 |   308 |   255 ||   664
Dodge: Dodged            |    63 |   143 |   232 |   279 ||   717
Block: Buckler           |       |       |    11 |   112 ||   123
       Shield            |       |       |       |    95 ||    95
       Rpst.: Falchion   |    21 |    41 |    78 |    69 ||   209
